Map: 血戰迪斯可 - 天梯版

Players

Has

  • Race: Protoss Protoss
  • Spawn Location: 3:00

SpeCial - Winner!

  • Race: Terran Terran
  • Spawn Location: 9:00

VOD

Have the link to the VOD?

Description

Time

  • Played on: Sept. 7, 2019, 2:26 p.m.
  • Length: 5:22
Show
View Real Time Build Order
Export as new Build Order

Has Protoss 

Build Orders: 1 Gate Expand 

Get SALT Encoding   

  12  0:00  Probe  
  13  0:12  Probe  
  14  0:17  Pylon  
  14  0:25  Probe  
  15  0:33  Assimilator  
  15  0:34  Probe  
  15  0:42  Gateway  
  16  0:43  Probe  
  17  0:51  Probe  
  18  0:59  Probe  
  19  1:07  Probe  
  19  1:17  Probe  
  21  1:30  Cybernetics Core  
  21  1:35  Nexus  
  21  1:41  Pylon  
  21  1:44  Probe  
  22  1:49  Assimilator  
  22  1:56  Probe  
  22  1:57  Adept  
  23  2:07  Warp Gate, Pylon  
  25  2:11  Probe  
  26  2:25  Robotics Facility  
  26  2:29  Sentry  
  26  2:34  Probe  
  28  2:43  Gateway  
  28  2:46  Probe x2  
  28  2:50  Stalker  
  30  2:58  Probe  
  33  3:03  Immortal  
  36  3:21  Gateway  
  36  3:25  Probe  
  37  3:27  Probe  
  37  3:32  Warp Prism  
  38  3:43  Probe x2  
  42  3:48  Pylon  
  42  3:55  Adept  
  42  3:57  Adept  
  46  4:03  Pylon  
  46  4:16  Adept  
  46  4:17  Adept x2  
  50  4:21  Observer, Probe x2  
  55  4:37  Pylon  
  55  4:38  Adept x3  
  59  4:45  Probe x2  
  47  5:09  Adept x3  
Show
View Real Time Build Order
Export as new Build Order

SpeCial Terran - Winner!

Build Orders: Reaper Expand 

Get SALT Encoding   

  12  0:00  SCV  
  13  0:12  SCV  
  14  0:17  Supply Depot  
  14  0:24  SCV  
  15  0:38  SCV  
  15  0:40  Barracks  
  16  0:43  Refinery  
  16  0:50  SCV  
  17  1:02  SCV  
  18  1:15  SCV  
  19  1:27  Orbital Command, Reaper  
  20  1:40  Command Center  
  20  1:51  Supply Depot  
  20  1:53  SCV  
  21  1:59  Marine  
  22  2:05  Factory  
  22  2:08  SCV  
  23  2:15  Refinery  
  23  2:20  SCV  
  23  2:21  Barracks Reactor  
  24  2:32  SCV  
  25  2:44  SCV  
  26  2:53  Starport  
  26  2:54  Orbital Command  
  26  2:56  Widow Mine  
  26  2:58  Marine x2  
  29  2:59  SCV  
  31  3:11  SCV  
  32  3:16  Marine x2  
  32  3:18  Widow Mine  
  36  3:22  SCV  
  36  3:23  SCV  
  38  3:30  Medivac  
  38  3:33  Marine  
  40  3:34  Supply Depot, SCV  
  40  3:35  SCV, Marine  
  40  3:41  Widow Mine  
  45  3:47  SCV  
  46  3:51  Supply Depot  
  46  3:55  Marine x2  
  46  3:56  SCV  
  49  4:05  Barracks  
  49  4:06  Bunker  
  49  4:07  Factory Tech Lab  
  49  4:08  Starport Tech Lab, Barracks, SCV x2  
  51  4:13  Marine x2  
  53  4:20  SCV  
  53  4:21  SCV  
  55  4:26  Supply Depot  
  55  4:27  Raven  
  57  4:32  Siege Tank  
  57  4:33  SCV x2  
  62  4:47  SCV, Marine x2  
  63  4:54  SCV  
  63  4:57  Marine  
  63  4:58  Marine  
  65  5:04  SCV  
  67  5:08  Supply Depot  
Tags
 
Add a new tag
Caveats
  • Supply blocks, unpowered buildings, or Contaminate may cause inaccurate times.
  • Supply counts are checked every 10 seconds.